 Dungeon Crawl Stone Soup version 0.31-a0-1405-g2bb1a01664 (webtiles) character file.

Game seed: 1954152724970952983

3099 shadizar the Fighter (level 10, -2/78 HPs)
             Began as a Djinni Fire Elementalist on Dec 25, 2023.
             Slain by a gargoyle
             ... wielding a +0 morningstar of protection
              (25 damage)
             ... on level 9 of the Dungeon.
             The game lasted 00:18:47 (8395 turns).

shadizar the Fighter (Djinni Fire Elementalist)     Turns: 8395, Time: 00:18:50

Health: -2/78      AC:  8    Str:  7    XL:     10   Next: 13%
Gold:   495        EV: 13    Int: 21    God:
                   SH:  0    Dex: 14

rFire   + + +        i - staff of fire
rCold   x . .        (no shield)
rNeg    + . .        v - +1 robe {rN+}
rPois   ∞            u - +2 hat
rElec   .            n - scarf {+Inv}
rCorr   .            q - +2 pair of gloves
SInv    +            (boots unavailable)
Will    +....        (no amulet)
Stlth   ++           d - ring of wizardry
HPRegen 0.33/turn    w - ring of see invisible
MPRegen 0.00/turn

%: wizardry (x1), infuse magic (-3 HP)
@: flying
A: sickness immunity, fire resistance 2, cold vulnerability 1, float, innate
caster, HP casting, extra vitality 1
a: Evoke Invisibility


You were on level 9 of the Dungeon.
You visited 2 branches of the dungeon, and saw 10 of its levels.

You collected 562 gold pieces.
You spent 67 gold pieces at shops.

Inventory:

Hand Weapons
 c - a +1 hand axe of venom
 o - the +1 trident of Midnight {freeze, Int+5}
   (You found it on level 5 of the Dungeon)

   Int+5:     It affects your intelligence (+5).
 r - the +3 dagger of Dishonesty {heavy, rCorr}
   (You found it on level 4 of the Dungeon)

   rCorr:     It protects you from acid and corrosion.
Armour
 n - a scarf of invisibility (worn)
 q - a +2 pair of gloves (worn)
 u - a +2 hat (worn)
 v - a +1 robe of positive energy (worn)
Magical Staves
 i - a staff of fire (weapon)
Jewellery
 d - a ring of wizardry (left hand)
 w - a ring of see invisible (right hand)
Wands
 h - a wand of charming (8)
 j - a wand of flame (55)
 m - a wand of quicksilver (11)
 s - a wand of roots (11)
Scrolls
 e - 7 scrolls of teleportation
 l - 3 scrolls of fog
 p - a scroll of torment {unknown}
Potions
 a - a potion of brilliance
 b - 3 potions of heal wounds
 f - 2 potions of might
 g - 3 potions of curing
 k - 2 potions of mutation {unknown}


   Skills:
 + Level 9.0 Fighting
 + Level 3.3 Armour
 + Level 4.4 Dodging
 - Level 1.5 Stealth
 + Level 7.4 Spellcasting
 + Level 7.4 Conjurations
 + Level 7.4 Hexes
   Level 0.0 Charms
 + Level 7.4 Summonings
 + Level 7.4 Necromancy
 + Level 7.4 Translocations
   Level 0.0 Transmutations
 + Level 7.4 Fire Magic
 + Level 7.4 Ice Magic
 + Level 7.4 Air Magic
 + Level 7.4 Earth Magic
 + Level 7.4 Alchemy


You knew the following spells:

 Your Spells              Type           Power      Damage    Failure   Level
a - Foxfire               Conj/Fire      100%       2x1d9     1%          1
b - Scorch                Fire           100%       2d9       1%          2
c - Volatile Blastmotes   Fire/Tloc      100%       2d18      1%          3
d - Inner Flame           Hex/Fire       56%        N/A       1%          3
e - Flame Wave            Conj/Fire      56%        2d13      1%          4
f - Apportation           Tloc           78%        N/A       1%          1
g - Passwall              Alch/Erth      32%        N/A       1%          2
h - Fugue of the Fallen   Necr           39%        N/A       1%          3
i - Iskenderun's Mystic   Conj/Tloc      39%        2d9       1%          4
Your spell library was empty.

Dungeon Overview and Level Annotations

Branches:
Dungeon (9/15)             Temple (1/1) D:7
   Lair: D:8-11         Orc: D:9-12

Altars:
Ashenzari
Cheibriados
Dithmenos
Fedhas
Gozag
Hepliaklqana
Makhleb
Nemelex Xobeh
Okawaru
Qazlal
Ru
Trog
Uskayaw
Wu Jian
Yredelemnul
Zin
Lugonu

Shops:
D:3 ?   D:5 [

Portals:
Abyss: D:6


Innate Abilities, Weirdness & Mutations

You are immune to sickness and miasma.
You are immune to poison.
Your flesh is very heat resistant. (rF++)
You are vulnerable to cold. (rC-)
You float through the air rather than walking.
You learn spells naturally, not from books.
Your magical power is your life essence.
You have superior vitality. (+4 MHP)


Message History

You feel a surge of power!
Flames lash the gargoyle.
The gargoyle is heavily damaged.
The gargoyle's fire resistance burns away.
The gargoyle hurls a stone arrow at you.
The stone arrow misses you.
Unknown command.
Unknown command.
Casting: Scorch (safe; 1% risk of failure)
Confirm with . or Enter, or press ? or * to list all spells.
You feel a surge of power!
Flames lash the gargoyle.
The gargoyle is burned terribly!
The gargoyle is severely damaged.
The gargoyle misses you.
Unknown command.
Casting: Scorch (safe; 1% risk of failure)
Confirm with . or Enter, or press ? or * to list all spells.
You feel a surge of power!
Flames lash the gargoyle but do no damage.
The gargoyle hurls a stone arrow at you.
The stone arrow hits you!!
Unknown command.
Casting: Scorch (safe; 1% risk of failure)
Confirm with . or Enter, or press ? or * to list all spells.
You feel a surge of power!
Flames lash the gargoyle but do no damage.
The gargoyle hits you with a +0 morningstar of protection!!
Unknown command.
Casting: Scorch (safe; 1% risk of failure)
Confirm with . or Enter, or press ? or * to list all spells.
You feel a surge of power!
Flames lash the gargoyle but do no damage.
The gargoyle barely misses you.
Casting: Scorch (safe; 1% risk of failure)
Confirm with . or Enter, or press ? or * to list all spells.
You feel a surge of power!
Flames lash the gargoyle.
The gargoyle is burned terribly!
The gargoyle is severely damaged.
* * * LOW HITPOINT WARNING * * *
The gargoyle hits you with a +0 morningstar of protection!!
You die...

#........
#.......##
#........#
#........#
#........#
#........#
#....9...#
#....@...#
#........#
#........#
#........#
##########


You could see a gargoyle (combustible).

Vanquished Creatures
  A two-headed ogre (D:8)
  A cyclops (D:8)
  A manticore (D:7)
  A yak (D:7)
  An orc warrior (D:7)
  A sky beast (D:7)
  2 phantoms
  2 centaurs
  3 bullfrogs
  2 scorpions
  A bombardier beetle (D:4)
  3 hounds
  7 orc priests
  3 sleepcaps
  An iguana (D:4)
  6 orc wizards
  Robin (D:2)
  A howler monkey zombie (D:3)
  5 adders
  3 gnolls (D:5)
  A white imp (D:7)
  4 ufetubi
  An adder zombie (D:3)
  2 worms
  2 dart slugs
  28 orcs
  6 ball pythons
  7 endoplasms
  4 giant cockroaches
  12 goblins
  9 hobgoblins
  3 jackals (D:2)
  A quokka (D:4)
  2 ball python zombies (D:3)
  6 bats
  2 frilled lizards
  2 kobolds
  3 rats (D:1)
  A lurking horror (D:6)
142 creatures vanquished.

Vanquished Creatures (others)
  522 foxfires
  A lurking horror (D:6)
523 creatures vanquished.

Grand Total: 665 creatures vanquished

Notes
Turn   | Place    | Note
-------+----------+-------------------------------------------
     0 | D:1      | shadizar the Djinni Fire Elementalist began the quest for
                  | the Orb.
     0 | D:1      | shadizar set off with the following spells memorised:
                  | Foxfire, Scorch, Volatile Blastmotes, Inner Flame, Flame
                  | Wave.
     0 | D:1      | Reached XP level 1. HP: 15/15 MP: 0/0
   178 | D:1      | Reached XP level 2. HP: 20/22 MP: 0/0
   231 | D:1      | Reached skill level 1 in Fighting
   686 | D:1      | Reached XP level 3. HP: 27/27 MP: 0/0
   686 | D:1      | Learned a level 1 spell: Apportation
  1121 | D:2      | Noticed Robin
  1125 | D:2      | Reached skill level 2 in Fighting
  1126 | D:2      | Killed Robin
  1127 | D:2      | Reached XP level 4. HP: 26/33 MP: 0/0
  1961 | D:3      | Found a glowing silver altar of Zin.
  1962 | D:3      | Found a hide-covered altar of Uskayaw.
  2012 | D:3      | Found Mauts's Magic Scroll Boutique.
  2032 | D:3      | Reached XP level 5. HP: 35/40 MP: 0/0
  2032 | D:3      | Learned a level 2 spell: Passwall
  2076 | D:3      | You are sucked into a shaft and drop 1 floor!
  2150 | D:4      | Reached skill level 3 in Fighting
  2781 | D:3      | Found a basalt altar of Yredelemnul.
  2948 | D:4      | Reached XP level 6. HP: 38/46 MP: 0/0
  3150 | D:4      | Reached skill level 4 in Fighting
  3416 | D:4      | Reached XP level 7. HP: 31/53 MP: 0/0
  3416 | D:4      | Learned a level 3 spell: Fugue of the Fallen
  3905 | D:4      | Identified the +3 dagger of Dishonesty {heavy, rCorr}
  4353 | D:5      | Entered Level 5 of the Dungeon
  4425 | D:5      | Reached skill level 5 in Fighting
  4425 | D:5      | Reached skill level 5 in Spellcasting
  4425 | D:5      | Reached skill level 5 in Conjurations
  4425 | D:5      | Reached skill level 5 in Hexes
  4425 | D:5      | Reached skill level 5 in Summonings
  4425 | D:5      | Reached skill level 5 in Necromancy
  4425 | D:5      | Reached skill level 5 in Translocations
  4425 | D:5      | Reached skill level 5 in Fire Magic
  4425 | D:5      | Reached skill level 5 in Ice Magic
  4425 | D:5      | Reached skill level 5 in Air Magic
  4425 | D:5      | Reached skill level 5 in Earth Magic
  4425 | D:5      | Reached skill level 5 in Alchemy
  4713 | D:5      | Found Gapnux's Armour Emporium.
  4733 | D:5      | Bought a +0 helmet for 67 gold pieces
  4782 | D:5      | Identified the +1 trident of Midnight {freeze, Int+5}
  4855 | D:5      | Reached XP level 8. HP: 33/61 MP: 0/0
  5343 | D:6      | Reached skill level 6 in Fighting
  5393 | D:6      | Found a corrupted altar of Lugonu.
  5393 | D:6      | Found a one-way gate to the infinite horrors of the Abyss.
  6625 | D:7      | Found a staircase to the Ecumenical Temple.
  6644 | Temple   | Entered the Ecumenical Temple
  6868 | D:7      | Reached skill level 7 in Fighting
  7145 | D:7      | Reached XP level 9. HP: 42/68 MP: 0/0
  7145 | D:7      | Learned a level 4 spell: Iskenderun's Mystic Blast
  7367 | D:7      | Noticed a manticore
  7380 | D:7      | Killed a manticore
  7381 | D:7      | Reached skill level 8 in Fighting
  7577 | D:8      | Noticed a cyclops
  7606 | D:8      | Killed a cyclops
  7607 | D:8      | Reached skill level 1 in Armour
  7819 | D:8      | Noticed a two-headed ogre
  7827 | D:8      | Killed a two-headed ogre
  7828 | D:8      | Reached XP level 10. HP: 70/77 MP: 0/0
  8291 | D:8      | Reached skill level 9 in Fighting
  8383 | D:9      | Noticed a gargoyle
  8395 | D:9      | Slain by a gargoyle

Illustrated notes

Levels and vault maps discovered:
D:1:      psy_arrival_statuary, layout_loops_ring, dreamdust_wishing_well,
          minmay_tall_x
D:2:      layout_loops_ring, uniq_robin
D:3:      layout_rooms, nicolae_yredelemnul_corpse_copse, amcnicky_altar_gilded,
          jmf_multi_god_temple, serial_shops, shop
D:4:      layout_layer_cave, nicolae_hexahallways
D:5:      layout_gridville, serial_shops, nicolae_shop_tiny_glass
D:6:      layout_loops_corners, serial_aquarium, aquarium_bridge_long_separate
          [aquarium_subvault_bridge, aquarium_subvault_wall,
          aquarium_subvault_wall, aquarium_subvault_wall,
          aquarium_subvault_bridge, aquarium_subvault_wall],
          aquarium_bridge_island_large [aquarium_subvault_large_water,
          aquarium_subvault_bridge, aquarium_subvault_window,
          aquarium_subvault_wall, aquarium_subvault_bridge],
          aquarium_window_fake, aquarium_window_corridor_1,
          aquarium_window_fake, aquarium_view_2c, aquarium_view_2c,
          aquarium_pool_corner, kennysheep_nondescript,
          amcnicky_altar_lugonu_corruption
D:7:      layout_loops_ring, minmay_temple_entry_waves
D:8:      layout_cave_pools
D:9:      layout_grid_maze, nicolae_tso_swordbearing_angel,
          mainiacjoe_overflow_24_doors, uniq_erolcha, uniq_grum
Temple:   bh_familiar_temple

Skill      XL: |  1  2  3  4  5  6  7  8  9 10 |
---------------+-------------------------------+-----
Fighting       | 1 2 3 4 5 7 8 9 |  9.0
Spellcasting   | 4 5 6 7 |  7.4
Conjurations   | 4 5 6 7 |  7.4
Hexes          | 4 5 6 7 |  7.4
Summonings     | 4 5 6 7 |  7.4
Necromancy     | 4 5 6 7 |  7.4
Translocations | 4 5 6 7 |  7.4
Fire Magic     | 4 5 6 7 |  7.4
Ice Magic      | 4 5 6 7 |  7.4
Air Magic      | 4 5 6 7 |  7.4
Earth Magic    | 4 5 6 7 |  7.4
Alchemy        | 4 5 6 7 |  7.4
Armour         | 3 |  3.3
Dodging        | 4 |  4.4
Stealth        | |  1.5

Action                     |  1- 3 |  4- 6 |  7- 9 | 10-12 || total
---------------------------+-------+-------+-------+-------++-------
  Melee: Hand axe          |     9 |       |       |       ||     9
         Staff             |       |     1 |       |     2 ||     3
   Cast: Foxfire           |    63 |   137 |   144 |    12 ||   356
         Scorch            |       |    22 |    55 |    12 ||    89
         Iskenderun's Myst |       |       |     1 |     1 ||     2
    Use: Scroll            |       |       |    15 |       ||    15
 Armour: Robe              |    16 |    19 |    15 |     8 ||    58
  Dodge: Dodged            |    25 |    28 |    13 |     4 ||    70

Table legend: (Time is in decaauts)
 A = Elapsed time spent in this place.
 B = Non-inter-level travel time spent in this place.
 C = Inter-level travel time spent in this place.
 D = Time resting spent in this place.
 E = Time spent auto-exploring this place.
 F = Levels seen in this place.
 G = Mean time per level.
                   A        B        C        D        E       F      G
               +--------+--------+--------+--------+--------+-----+--------+
         Total |   8396 |   8220 |    176 |      0 |   6782 |  10 |  839.6 |
       Dungeon |   8392 |   8216 |    176 |      0 |   6782 |   9 |  932.4 |
        Temple |      3 |      3 |      0 |      0 |      0 |   1 |    3.0 |
               +--------+--------+--------+--------+--------+-----+--------+

Top non-repeatable levels by time:
     D:4: 1736 daAuts
     D:6: 1459 daAuts
     D:7: 1182 daAuts
     D:2: 948 daAuts
     D:1: 903 daAuts
     D:3: 765 daAuts
     D:8: 699 daAuts
     D:5: 684 daAuts
     D:9: 11 daAuts
  Temple: 3 daAuts
